Avalanches vs Ducks

Created - 21 février 2022 at 16:04

Goals
1 2 3 T
Avalanches 0 2 2 4
Ducks 0 1 1 2
Shots
1 2 3 T
Avalanches 6 13 7 26
Ducks 8 19 17 44

GoalsPenalties
1st period
No Goal
T.J. Oshie (COL) for Roughing (Minor) at 5:18
Mikhail Sergachev (ANA) for Hooking (Minor) at 9:30
Roope Hintz (ANA) for Tripping (Minor) at 18:57
Carl Soderberg (COL) for Hooking (Minor) at 18:57
2nd period
1. Avalanches , T.J. Oshie 23 (Blake Wheeler 37, John Moore 15) at 2:26
2. Avalanches , T.J. Oshie 24 (Blake Wheeler 38, Derek Ryan 21) at 10:57 (PP)
3. Ducks , Thomas Chabot 4 (Kirill Kaprizov 18, Evgeni Malkin 31) at 12:42 (PP)
Ryan Donato (COL) for Holding (Minor) at 3:12
Joel Eriksson Ek (ANA) for Holding (Minor) at 9:33
Jeff Petry (COL) for Interference (Minor) at 11:39
Jeff Petry (COL) for High sticking (Minor) at 16:54
Jeremy Lauzon (ANA) for Hooking (Minor) at 19:09
3rd period
4. Ducks , Jean-Gabriel Pageau 21 (Evgeni Malkin 32) at 2:46 (PP)
5. Avalanches , Derek Ryan 16 (Brad Hunt 2, Blake Wheeler 39) at 6:37
6. Avalanches , Justin Williams 3 (Brad Hunt 3) at 7:15
Alex Goligoski (COL) for Holding (Minor) at 2:16
Mikhail Sergachev (ANA) for Holding (Minor) at 12:26
Goalie Stats
Robin Lehner (COL), 42 saves from 44 shots - (0,955), W, 26-20-4, 60:00 minutes
Tristan Jarry (ANA), 22 saves from 26 shots - (0,846), L, 27-24-1, 60:00 minutes
3 StarsOfficial
1 - T.J. Oshie (COL)
2 - Blake Wheeler (COL)
3 - Robin Lehner (COL)
Referees : Mark Lemelin and Brian Pochmara
Linesman : Michel Cormier and Steve Miller
Game Note
No Game Note



Team Name Goals Shots Shots Attemp Shots Blocked PIM HIT PP PK FO%
Avalanches 426721212231 / 4 (25%)249%
Ducks 244941310212 / 5 (40%)151%

Avalanches
Player Name POS G A P +/- PIM HIT SHT SB MP PP MP PP SHT PK MP PK SHT FO% FOT
Alex GoligoskiD0000211324:442:5612:3700% 0
Blake WheelerC/RW0332022019:373:4900:00033% 3
Brad HuntD0222001222:243:3003:1600% 0
Carl SoderbergC/LW000121009:030:0004:07038% 13
Colin WilsonC/LW/RW0000002016:232:5800:0000% 1
Derek RyanC/RW1122002020:152:5413:23053% 32
Erik GustafssonD0002040222:423:3003:3400% 0
Jamie OleksiakD0001040114:060:5502:5200% 0
Jeff CarterC/LW0000020012:140:0000:00058% 12
Jeff PetryD0000431223:542:5601:4800% 0
Joel ArmiaRW0000002120:023:3213:05050% 4
John MooreD0111010012:070:5500:5300% 0
Justin WilliamsRW101100104:570:0000:0000% 0
Mattias JanmarkC/LW/RW0000002014:490:0003:5900% 0
Nick FolignoC/LW/RW0000023017:143:3220:08052% 23
Riley NashC/RW000100104:570:0000:0000% 0
Ryan DonatoC/LW0000201012:361:2900:1800% 1
T.J. OshieLW/RW2022237118:213:4930:0000% 1
Ducks
Player Name POS G A P +/- PIM HIT SHT SB MP PP MP PP SHT PK MP PK SHT FO% FOT
Connor MurphyD000-1012319:260:0003:4700% 0
Damon SeversonD000-1002221:303:0503:0010% 0
Erik HaulaC/LW000-1001010:420:0000:00050% 2
Evgeni MalkinC022-1013119:063:4110:00057% 21
Jean-Gabriel PageauC1010044020:353:4123:33052% 33
Jeremy LauzonD000-1210015:110:0002:3800% 0
Joel Eriksson EkC/LW/RW000-1202216:303:4912:57011% 9
John MarinoD000-1000217:420:0003:4500% 0
Kirill KaprizovLW011-1004018:193:4100:00050% 2
Lars EllerC000-1011013:330:0003:48067% 15
Mikhail SergachevD000-1436023:054:2551:3210% 0
Ondrej PalatLW0000029017:104:2540:0000% 0
Roope HintzC/LW000-1224017:503:4920:000100% 1
Sean KuralyC000-101217:550:0000:51040% 5
Thomas ChabotD101-1012218:383:0520:0000% 0
Travis KonecnyRW0000021016:343:4900:0000% 0
Zach Aston-ReeseC/LW/RW000-1020010:110:0003:33050% 2
Zemgus GirgensonsC/LW/RW000-100106:380:0000:0000% 0

Avalanches

5 vs 5 Forward
Line #Left WingCenterRight WingPHYDFOFWanted %Time %Time Play
1T.J. OshieDerek RyanBlake Wheeler0143532%13:58
2Colin WilsonNick FolignoJoel Armia0323531%13:25
3Ryan DonatoJeff CarterMattias Janmark0142025%10:50
4Riley NashCarl SoderbergJustin Williams1221011%4:57
5 vs 5 Defense
Line #DefenseDefensePHYDFOFWanted %Time %Time Play
1Jeff PetryAlex Goligoski0143534%14:32
2Brad HuntErik Gustafsson0323534%14:31
3Jamie OleksiakJohn Moore1311524%10:19
4Jeff PetryAlex Goligoski032159%3:48
Power Play Forward
Line #Left WingCenterRight WingPHYDFOFWanted %Time %Time Play
1T.J. OshieDerek RyanBlake Wheeler0146052%3:49
2Colin WilsonNick FolignoJoel Armia0144048%3:32
Power Play Defense
Line #DefenseDefensePHYDFOFWanted %Time %Time Play
1Jeff PetryAlex Goligoski0146052%3:51
2Brad HuntErik Gustafsson0144048%3:30
Penalty Kill 4 Players Forward
Line #CenterWingPHYDFOFWanted %Time %Time Play
1Derek RyanJoel Armia1405045%3:23
2Carl SoderbergMattias Janmark1405055%4:07
Penalty Kill 4 Players Defense
Line #DefenseDefensePHYDFOFWanted %Time %Time Play
1Jeff PetryAlex Goligoski1405552%3:56
2Brad HuntErik Gustafsson1404548%3:34
Penalty Kill 3 Players
Line #WingPHYDFOFWanted %Time %Time PlayDefenseDefensePHYDFOFWanted %Time %Time Play
1Derek Ryan041500%0:00 Jeff PetryAlex Goligoski041500%0:00
2Carl Soderberg041500%0:00 Brad HuntErik Gustafsson041500%0:00
4 vs 4 Forward
Line #CenterWingPHYDFOFWanted %Time %Time Play
1Jeff CarterBlake Wheeler0235592%1:50
2Nick FolignoT.J. Oshie023458%0:09
4 vs 4 Defense
Line #DefensePHYDFOFWanted %Time %Time Play
1Jeff PetryAlex Goligoski0236044%60% - 0:52
2Brad HuntErik Gustafsson0234056%40% - 1:07
Last Minutes Offensive
Left WingCenterRight WingDefenseDefense
Blake WheelerJeff CarterT.J. OshieJeff PetryAlex Goligoski
Last Minutes Defensive
Left WingCenterRight WingDefenseDefense
Joel ArmiaNick FolignoDerek RyanJeff PetryAlex Goligoski
Time
Total ForwardTotal DefenseLast Minutes OffensiveLast Minutes Defensive
60:00 60:00 0:000:00
Extra Forwards
Normal PowerPlayPenalty Kill
Blake Wheeler, T.J. Oshie, Joel ArmiaBlake Wheeler, T.J. OshieJoel Armia
Extra Defensemen
Normal PowerPlayPenalty Kill
Jeff Petry, Alex Goligoski, Brad HuntJeff Petry, Jeff PetryAlex Goligoski
Penalty Shots
T.J. Oshie, Blake Wheeler, Joel Armia, Jeff Carter, Justin Williams
Goalie
Robin Lehner, Jaroslav Halak
Custom OT Lines Forwards
T.J. Oshie, Blake Wheeler, Jeff Carter, Joel Armia, Nick Foligno, Carl Soderberg, Colin Wilson, Derek Ryan, Ryan Donato, Justin Williams
Custom OT Lines Defensemen
Jeff Petry, Alex Goligoski, Brad Hunt, Erik Gustafsson, John Moore
Scratches
Zach Whitecloud (Healthy), Mark Jankowski (Healthy), Adin Hill (Healthy)

Ducks

5 vs 5 Forward
Line #Left WingCenterRight WingPHYDFOFWanted %Time %Time Play
1Roope HintzEvgeni MalkinKirill Kaprizov0233433%14:02
2Ondrej PalatJean-Gabriel PageauTravis Konecny1133030%12:45
3Erik HaulaLars EllerJoel Eriksson Ek1312323%9:45
4Zemgus GirgensonsSean KuralyZach Aston-Reese1311315%6:38
5 vs 5 Defense
Line #DefenseDefensePHYDFOFWanted %Time %Time Play
1Mikhail SergachevThomas Chabot1313536%15:33
2Connor MurphyDamon Severson1313233%14:02
3Jeremy LauzonJohn Marino1312829%12:34
4Mikhail SergachevConnor Murphy12252%1:01
Power Play Forward
Line #Left WingCenterRight WingPHYDFOFWanted %Time %Time Play
1Kirill KaprizovJean-Gabriel PageauEvgeni Malkin0055049%3:41
2Roope HintzJoel Eriksson EkTravis Konecny0055051%3:49
Power Play Defense
Line #DefenseDefensePHYDFOFWanted %Time %Time Play
1Mikhail SergachevOndrej Palat1225459%4:25
2Thomas ChabotDamon Severson1134641%3:05
Penalty Kill 4 Players Forward
Line #CenterWingPHYDFOFWanted %Time %Time Play
1Lars EllerJoel Eriksson Ek0415152%3:48
2Jean-Gabriel PageauZach Aston-Reese1404948%3:33
Penalty Kill 4 Players Defense
Line #DefenseDefensePHYDFOFWanted %Time %Time Play
1John MarinoConnor Murphy1405050%3:39
2Jeremy LauzonMikhail Sergachev1405050%3:42
Penalty Kill 3 Players
Line #WingPHYDFOFWanted %Time %Time PlayDefenseDefensePHYDFOFWanted %Time %Time Play
1Lars Eller140500%0:00 Mikhail SergachevConnor Murphy140500%0:00
2Jean-Gabriel Pageau140500%0:00 Jeremy LauzonJohn Marino140500%0:00
4 vs 4 Forward
Line #CenterWingPHYDFOFWanted %Time %Time Play
1Evgeni MalkinRoope Hintz0235070%1:23
2Jean-Gabriel PageauKirill Kaprizov0235030%0:36
4 vs 4 Defense
Line #DefensePHYDFOFWanted %Time %Time Play
1Mikhail SergachevConnor Murphy1315030%50% - 0:36
2Damon SeversonJohn Marino1315070%50% - 1:23
Last Minutes Offensive
Left WingCenterRight WingDefenseDefense
Kirill KaprizovEvgeni MalkinRoope HintzMikhail SergachevThomas Chabot
Last Minutes Defensive
Left WingCenterRight WingDefenseDefense
Ondrej PalatJean-Gabriel PageauJoel Eriksson EkMikhail SergachevConnor Murphy
Time
Total ForwardTotal DefenseLast Minutes OffensiveLast Minutes Defensive
60:00 60:00 0:000:00
Extra Forwards
Normal PowerPlayPenalty Kill
Erik Haula, Sean Kuraly, Zach Aston-ReeseSean Kuraly, Ondrej PalatSean Kuraly
Extra Defensemen
Normal PowerPlayPenalty Kill
Connor Murphy, Jeremy Lauzon, Damon SeversonJohn Marino, Damon SeversonConnor Murphy
Penalty Shots
Kirill Kaprizov, Evgeni Malkin, Roope Hintz, Travis Konecny, Jean-Gabriel Pageau
Goalie
Tristan Jarry, David Rittich
Custom OT Lines Forwards
Evgeni Malkin, Roope Hintz, Kirill Kaprizov, Jean-Gabriel Pageau, Joel Eriksson Ek, Ondrej Palat, Travis Konecny, Lars Eller, Erik Haula, Sean Kuraly
Custom OT Lines Defensemen
Mikhail Sergachev, Connor Murphy, Thomas Chabot, John Marino, Damon Severson
Scratches
Jacob de la Rose (Healthy), Jan Rutta (Healthy), Carl Gunnarsson (Healthy)


Play-by-Play

1st period


0:01 of 1st period - Derek Ryan wins face-off versus Evgeni Malkin in neutral zone.
1:02 of 1st period - Icing by Connor Murphy.
1:03 of 1st period - Nick Foligno wins face-off versus Jean-Gabriel Pageau in Ducks zone.
1:11 of 1st period - Shot by Jean-Gabriel Pageau.
1:11 of 1st period - Stopped by Robin Lehner with a rebound.
1:13 of 1st period - Shot by Damon Severson.
1:13 of 1st period - Stopped by Robin Lehner with a rebound.
1:15 of 1st period - Shot by Ondrej Palat.
1:15 of 1st period - Stopped by Robin Lehner without a rebound.
1:16 of 1st period - Lars Eller wins face-off versus Ryan Donato in Avalanches zone.
1:17 of 1st period - Shot by Erik Haula.
1:17 of 1st period - Stopped by Robin Lehner with a rebound.
1:19 of 1st period - Shot by Joel Eriksson Ek.
1:19 of 1st period - Stopped by Robin Lehner without a rebound.
1:20 of 1st period - Lars Eller wins face-off versus Nick Foligno in Avalanches zone.
1:29 of 1st period - Shot by Joel Armia.
1:29 of 1st period - Shot Hit the Post.
1:57 of 1st period - Shot by Nick Foligno.
1:57 of 1st period - Stopped by Tristan Jarry without a rebound.
1:58 of 1st period - Sean Kuraly wins face-off versus Jeff Carter in Ducks zone.
1:58 of 1st period - Sean Kuraly is hit by Jeff Carter.
2:12 of 1st period - Shot by Sean Kuraly.
2:12 of 1st period - Stopped by Robin Lehner without a rebound.
2:13 of 1st period - Jean-Gabriel Pageau wins face-off versus Carl Soderberg in Avalanches zone.
2:13 of 1st period - Travis Konecny is hit by Jamie Oleksiak and loses puck.
2:17 of 1st period - Icing by John Moore.
2:18 of 1st period - Carl Soderberg wins face-off versus Jean-Gabriel Pageau in Avalanches zone.
2:39 of 1st period - Shot by Carl Soderberg.
2:39 of 1st period - Shot Misses the Net.
2:48 of 1st period - Travis Konecny is hit by Jamie Oleksiak and loses puck.
2:57 of 1st period - Shot by Jean-Gabriel Pageau.
2:57 of 1st period - Deflect By Ondrej Palat.
2:57 of 1st period - Shot Misses the Net.
3:13 of 1st period - Jeff Petry is hit by Travis Konecny and loses puck.
3:44 of 1st period - Shot by Ryan Donato.
3:44 of 1st period - Shot Misses the Net.
4:47 of 1st period - Shot by Colin Wilson.
4:47 of 1st period - Deflect By Nick Foligno.
4:47 of 1st period - Shot Blocked by Sean Kuraly.
5:18 of 1st period - Minor Penalty to T.J. Oshie for Roughing.
5:19 of 1st period - Jean-Gabriel Pageau wins face-off versus Derek Ryan in Avalanches zone.
5:22 of 1st period - Shot by Ondrej Palat.
5:22 of 1st period - Shot Blocked by Joel Armia.
5:24 of 1st period - Shot by Mikhail Sergachev.
5:24 of 1st period - Shot Misses the Net.
5:34 of 1st period - Shot by Evgeni Malkin.
5:34 of 1st period - Shot Misses the Net.
5:36 of 1st period - Shot by Mikhail Sergachev.
5:36 of 1st period - Shot Blocked by Brad Hunt.
5:38 of 1st period - Shot by Ondrej Palat.
5:38 of 1st period - Stopped by Robin Lehner without a rebound.
5:39 of 1st period - Carl Soderberg wins face-off versus Joel Eriksson Ek in Avalanches zone.
6:56 of 1st period - Jean-Gabriel Pageau is hit by John Moore and loses puck.
7:31 of 1st period - Shot by Jeff Petry.
7:31 of 1st period - Stopped by Tristan Jarry with a rebound.
7:53 of 1st period - Shot by Zach Aston-Reese.
7:53 of 1st period - Shot Misses the Net.
8:52 of 1st period - Icing by Derek Ryan.
8:53 of 1st period - Blake Wheeler wins face-off versus Evgeni Malkin in Avalanches zone.
8:53 of 1st period - Blake Wheeler is hit by Roope Hintz.
9:30 of 1st period - Minor Penalty to Mikhail Sergachev for Hooking.
9:31 of 1st period - Jean-Gabriel Pageau wins face-off versus Nick Foligno in Ducks zone.
9:40 of 1st period - Shot by Erik Gustafsson.
9:40 of 1st period - Shot Misses the Net.
9:46 of 1st period - Shot by Nick Foligno.
9:46 of 1st period - Shot Misses the Net.
9:52 of 1st period - Shot by Brad Hunt.
9:52 of 1st period - Shot Misses the Net.
9:58 of 1st period - Shot by Nick Foligno.
9:58 of 1st period - Stopped by Tristan Jarry without a rebound.
9:59 of 1st period - Nick Foligno wins face-off versus Zach Aston-Reese in Ducks zone.
10:26 of 1st period - Shot by Nick Foligno.
10:26 of 1st period - Shot Misses the Net.
10:44 of 1st period - Lars Eller is hit by Blake Wheeler.
11:49 of 1st period - Icing by Brad Hunt.
11:50 of 1st period - Carl Soderberg wins face-off versus Jean-Gabriel Pageau in Avalanches zone.
11:50 of 1st period - Carl Soderberg is hit by Jean-Gabriel Pageau.
12:20 of 1st period - Shot by Jean-Gabriel Pageau.
12:20 of 1st period - Shot Misses the Net.
13:14 of 1st period - Shot by Riley Nash.
13:14 of 1st period - Shot Misses the Net.
13:16 of 1st period - Shot by Riley Nash.
13:16 of 1st period - Stopped by Tristan Jarry without a rebound.
13:17 of 1st period - Jeff Carter wins face-off versus Evgeni Malkin in Ducks zone.
13:24 of 1st period - Shot by Mattias Janmark.
13:24 of 1st period - Shot Misses the Net.
13:32 of 1st period - Shot by Mattias Janmark.
13:32 of 1st period - Shot Misses the Net.
14:43 of 1st period - Shot by Joel Armia.
14:43 of 1st period - Shot Blocked by Joel Eriksson Ek.
14:49 of 1st period - Jamie Oleksiak is hit by Lars Eller and loses puck.
15:09 of 1st period - Shot by Colin Wilson.
15:09 of 1st period - Stopped by Tristan Jarry without a rebound.
15:10 of 1st period - Zach Aston-Reese wins face-off versus Carl Soderberg in Ducks zone.
15:10 of 1st period - Zach Aston-Reese is hit by Carl Soderberg.
15:41 of 1st period - Carl Soderberg is hit by Mikhail Sergachev.
15:47 of 1st period - Alex Goligoski is hit by Zach Aston-Reese.
16:17 of 1st period - Shot by Derek Ryan.
16:17 of 1st period - Shot Blocked by Damon Severson.
16:23 of 1st period - Shot by Kirill Kaprizov.
16:23 of 1st period - Stopped by Robin Lehner with a rebound.
16:25 of 1st period - Shot by Evgeni Malkin.
16:25 of 1st period - Shot Misses the Net.
16:52 of 1st period - Derek Ryan is hit by Jeremy Lauzon and loses puck.
18:01 of 1st period - Shot by Erik Haula.
18:01 of 1st period - Deflect By Lars Eller.
18:01 of 1st period - Shot Misses the Net.
18:19 of 1st period - Shot by Mattias Janmark.
18:19 of 1st period - Shot Blocked by Thomas Chabot.
18:21 of 1st period - Shot by Mattias Janmark.
18:21 of 1st period - Shot Blocked by Thomas Chabot.
18:23 of 1st period - Shot by Alex Goligoski.
18:23 of 1st period - Shot Misses the Net.
18:57 of 1st period - Minor Penalty to Roope Hintz for Tripping.
18:57 of 1st period - Minor Penalty to Carl Soderberg for Hooking.
18:58 of 1st period - Evgeni Malkin wins face-off versus T.J. Oshie in neutral zone.
19:03 of 1st period - Shot by Evgeni Malkin.
19:03 of 1st period - Shot Misses the Net.
19:19 of 1st period - Shot by Blake Wheeler.
19:19 of 1st period - Shot Blocked by Evgeni Malkin.
19:21 of 1st period - Shot by Blake Wheeler.
19:21 of 1st period - Shot Misses the Net.
19:23 of 1st period - Shot by Blake Wheeler.
19:23 of 1st period - Stopped by Tristan Jarry without a rebound.
19:24 of 1st period - Jeff Carter wins face-off versus Jean-Gabriel Pageau in Ducks zone.
19:29 of 1st period - Shot by Jeff Carter.
19:29 of 1st period - Shot Misses the Net.
19:41 of 1st period - Shot by Mikhail Sergachev.
19:41 of 1st period - Shot Misses the Net.
Goals for this period are 0 for Avalanches vs 0 for Ducks.
Shots for this period are 6 for Avalanches vs 8 for Ducks.

2nd period


0:01 of 2nd period - Evgeni Malkin wins face-off versus Blake Wheeler in neutral zone.
0:08 of 2nd period - Shot by Erik Haula.
0:08 of 2nd period - Shot Misses the Net.
0:52 of 2nd period - Icing by Damon Severson.
0:53 of 2nd period - Evgeni Malkin wins face-off versus Nick Foligno in Ducks zone.
1:00 of 2nd period - Shot by Jean-Gabriel Pageau.
1:00 of 2nd period - Deflect By Travis Konecny.
1:00 of 2nd period - Stopped by Robin Lehner without a rebound.
1:01 of 2nd period - Jean-Gabriel Pageau wins face-off versus Nick Foligno in Avalanches zone.
1:15 of 2nd period - Joel Armia is hit by Thomas Chabot and loses puck.
1:24 of 2nd period - Shot by Joel Armia.
1:24 of 2nd period - Shot Misses the Net.
1:53 of 2nd period - Jamie Oleksiak is hit by Jean-Gabriel Pageau and loses puck.
2:26 of 2nd period - Shot by T.J. Oshie.
2:26 of 2nd period - Goal by T.J. Oshie - Avalanches : 1 - Ducks : 0.
2:27 of 2nd period - Jeff Carter wins face-off versus Evgeni Malkin in neutral zone.
2:33 of 2nd period - Icing by John Marino.
2:34 of 2nd period - Jeff Carter wins face-off versus Kirill Kaprizov in Ducks zone.
3:12 of 2nd period - Minor Penalty to Ryan Donato for Holding.
3:13 of 2nd period - Joel Eriksson Ek wins face-off versus Derek Ryan in Avalanches zone.
3:14 of 2nd period - Shot by Mikhail Sergachev.
3:14 of 2nd period - Stopped by Robin Lehner without a rebound.
3:15 of 2nd period - Derek Ryan wins face-off versus Joel Eriksson Ek in Avalanches zone.
3:31 of 2nd period - Shot by Mikhail Sergachev.
3:31 of 2nd period - Stopped by Robin Lehner without a rebound.
3:32 of 2nd period - Jean-Gabriel Pageau wins face-off versus Carl Soderberg in Avalanches zone.
3:43 of 2nd period - Shot by Thomas Chabot.
3:43 of 2nd period - Stopped by Robin Lehner without a rebound.
3:44 of 2nd period - Jean-Gabriel Pageau wins face-off versus Derek Ryan in Avalanches zone.
3:47 of 2nd period - Shot by Ondrej Palat.
3:47 of 2nd period - Stopped by Robin Lehner without a rebound.
3:48 of 2nd period - Derek Ryan wins face-off versus Joel Eriksson Ek in Avalanches zone.
3:48 of 2nd period - Derek Ryan is hit by Travis Konecny.
3:57 of 2nd period - Shot by Mikhail Sergachev.
3:57 of 2nd period - Shot Misses the Net.
3:59 of 2nd period - Shot by Ondrej Palat.
3:59 of 2nd period - Stopped by Robin Lehner with a rebound.
4:01 of 2nd period - Shot by Ondrej Palat.
4:01 of 2nd period - Shot Blocked by Jeff Petry.
4:03 of 2nd period - Shot by Ondrej Palat.
4:03 of 2nd period - Stopped by Robin Lehner without a rebound.
4:04 of 2nd period - Jean-Gabriel Pageau wins face-off versus Carl Soderberg in Avalanches zone.
4:21 of 2nd period - Shot by Jean-Gabriel Pageau.
4:21 of 2nd period - Stopped by Robin Lehner without a rebound.
4:22 of 2nd period - Derek Ryan wins face-off versus Joel Eriksson Ek in Avalanches zone.
4:53 of 2nd period - Shot by Joel Eriksson Ek.
4:53 of 2nd period - Shot Misses the Net.
4:55 of 2nd period - Shot by Roope Hintz.
4:55 of 2nd period - Shot Blocked by Brad Hunt.
4:57 of 2nd period - Shot by Ondrej Palat.
4:57 of 2nd period - Shot Misses the Net.
4:59 of 2nd period - Shot by Mikhail Sergachev.
4:59 of 2nd period - Stopped by Robin Lehner with a rebound.
5:01 of 2nd period - Shot by Roope Hintz.
5:01 of 2nd period - Shot Misses the Net.
5:19 of 2nd period - T.J. Oshie is hit by Zach Aston-Reese and loses puck.
5:32 of 2nd period - Shot by Zemgus Girgensons.
5:32 of 2nd period - Shot Misses the Net.
5:34 of 2nd period - Shot by Zemgus Girgensons.
5:34 of 2nd period - Stopped by Robin Lehner without a rebound.
5:35 of 2nd period - Nick Foligno wins face-off versus Evgeni Malkin in Avalanches zone.
6:06 of 2nd period - Shot by Kirill Kaprizov.
6:06 of 2nd period - Stopped by Robin Lehner with a rebound.
6:13 of 2nd period - Roope Hintz is hit by Jeff Petry and loses puck.
7:01 of 2nd period - Shot by T.J. Oshie.
7:01 of 2nd period - Shot Misses the Net.
7:09 of 2nd period - Shot by Blake Wheeler.
7:09 of 2nd period - Deflect By T.J. Oshie.
7:09 of 2nd period - Shot Misses the Net.
7:11 of 2nd period - Shot by Brad Hunt.
7:11 of 2nd period - Shot Misses the Net.
7:13 of 2nd period - Shot by Blake Wheeler.
7:13 of 2nd period - Shot Misses the Net.
7:15 of 2nd period - Shot by Blake Wheeler.
7:15 of 2nd period - Shot Blocked by Connor Murphy.
7:17 of 2nd period - Shot by Brad Hunt.
7:17 of 2nd period - Shot Misses the Net.
7:19 of 2nd period - Shot by T.J. Oshie.
7:19 of 2nd period - Stopped by Tristan Jarry without a rebound.
7:20 of 2nd period - Jeff Carter wins face-off versus Jean-Gabriel Pageau in Ducks zone.
7:41 of 2nd period - Shot by Jean-Gabriel Pageau.
7:41 of 2nd period - Shot Misses the Net.
7:53 of 2nd period - Shot by Jeff Carter.
7:53 of 2nd period - Shot Misses the Net.
8:00 of 2nd period - Jeff Carter is hit by Mikhail Sergachev and loses puck.
8:23 of 2nd period - Riley Nash is hit by Ondrej Palat and loses puck.
8:48 of 2nd period - Shot by Brad Hunt.
8:48 of 2nd period - Stopped by Tristan Jarry without a rebound.
8:49 of 2nd period - Evgeni Malkin wins face-off versus Derek Ryan in Ducks zone.
8:58 of 2nd period - Shot by Kirill Kaprizov.
8:58 of 2nd period - Shot Misses the Net.
9:08 of 2nd period - Shot by Evgeni Malkin.
9:08 of 2nd period - Deflect By Roope Hintz.
9:08 of 2nd period - Shot Misses the Net.
9:10 of 2nd period - Shot by Roope Hintz.
9:10 of 2nd period - Shot Blocked by Alex Goligoski.
9:12 of 2nd period - Shot by Damon Severson.
9:12 of 2nd period - Shot Misses the Net.
9:14 of 2nd period - Shot by Connor Murphy.
9:14 of 2nd period - Stopped by Robin Lehner without a rebound.
9:15 of 2nd period - Lars Eller wins face-off versus Joel Armia in Avalanches zone.
9:27 of 2nd period - Joel Eriksson Ek is hit by Jamie Oleksiak and loses puck.
9:33 of 2nd period - Minor Penalty to Joel Eriksson Ek for Holding.
9:34 of 2nd period - Derek Ryan wins face-off versus Lars Eller in Ducks zone.
9:49 of 2nd period - Shot by Jeff Petry.
9:49 of 2nd period - Shot Hit the Post.
9:51 of 2nd period - Shot by Derek Ryan.
9:51 of 2nd period - Shot Misses the Net.
9:53 of 2nd period - Shot by T.J. Oshie.
9:53 of 2nd period - Deflect By Blake Wheeler.
9:53 of 2nd period - Shot Blocked by Connor Murphy.
9:55 of 2nd period - Shot by Blake Wheeler.
9:55 of 2nd period - Deflect By T.J. Oshie.
9:55 of 2nd period - Stopped by Tristan Jarry without a rebound.
9:56 of 2nd period - Jean-Gabriel Pageau wins face-off versus Joel Armia in Ducks zone.
9:56 of 2nd period - Jean-Gabriel Pageau is hit by Nick Foligno.
10:33 of 2nd period - Shot by Brad Hunt.
10:33 of 2nd period - Deflect By Nick Foligno.
10:33 of 2nd period - Stopped by Tristan Jarry without a rebound.
10:34 of 2nd period - Derek Ryan wins face-off versus Jean-Gabriel Pageau in Ducks zone.
10:45 of 2nd period - Shot by Alex Goligoski.
10:45 of 2nd period - Stopped by Tristan Jarry without a rebound.
10:46 of 2nd period - Derek Ryan wins face-off versus Jean-Gabriel Pageau in Ducks zone.
10:53 of 2nd period - Shot by Blake Wheeler.
10:53 of 2nd period - Shot Blocked by Connor Murphy.
10:55 of 2nd period - Shot by Blake Wheeler.
10:55 of 2nd period - Shot Misses the Net.
10:57 of 2nd period - Shot by T.J. Oshie.
10:57 of 2nd period - Goal by T.J. Oshie - Avalanches : 2 - Ducks : 0.
10:58 of 2nd period - Kirill Kaprizov wins face-off versus Jeff Carter in neutral zone.
10:58 of 2nd period - Kirill Kaprizov is hit by Jeff Carter.
11:27 of 2nd period - Shot by Mattias Janmark.
11:27 of 2nd period - Stopped by Tristan Jarry with a rebound.
11:29 of 2nd period - Shot by Mattias Janmark.
11:29 of 2nd period - Shot Misses the Net.
11:31 of 2nd period - Shot by Ryan Donato.
11:31 of 2nd period - Stopped by Tristan Jarry without a rebound.
11:32 of 2nd period - Lars Eller wins face-off versus Derek Ryan in Ducks zone.
11:32 of 2nd period - Lars Eller is hit by T.J. Oshie.
11:35 of 2nd period - Joel Eriksson Ek is hit by T.J. Oshie and loses puck.
11:39 of 2nd period - Minor Penalty to Jeff Petry for Interference.
11:40 of 2nd period - Derek Ryan wins face-off versus Joel Eriksson Ek in Avalanches zone.
12:01 of 2nd period - Shot by Travis Konecny.
12:01 of 2nd period - Shot Misses the Net.
12:03 of 2nd period - Shot by Joel Eriksson Ek.
12:03 of 2nd period - Shot Blocked by Jamie Oleksiak.
12:05 of 2nd period - Shot by Roope Hintz.
12:05 of 2nd period - Stopped by Robin Lehner with a rebound.
12:07 of 2nd period - Shot by Mikhail Sergachev.
12:07 of 2nd period - Stopped by Robin Lehner without a rebound.
12:08 of 2nd period - Jean-Gabriel Pageau wins face-off versus Carl Soderberg in Avalanches zone.
12:10 of 2nd period - Kirill Kaprizov is hit by Erik Gustafsson and loses puck.
12:40 of 2nd period - Kirill Kaprizov is hit by Erik Gustafsson.
12:42 of 2nd period - Shot by Thomas Chabot.
12:42 of 2nd period - Goal by Thomas Chabot - Avalanches : 2 - Ducks : 1.
12:43 of 2nd period - Nick Foligno wins face-off versus Lars Eller in neutral zone.
13:06 of 2nd period - Shot by Nick Foligno.
13:06 of 2nd period - Shot Blocked by John Marino.
13:08 of 2nd period - Shot by Joel Armia.
13:08 of 2nd period - Shot Misses the Net.
13:10 of 2nd period - Shot by Joel Armia.
13:10 of 2nd period - Shot Blocked by John Marino.
13:12 of 2nd period - Shot by Nick Foligno.
13:12 of 2nd period - Deflect By Colin Wilson.
13:12 of 2nd period - Stopped by Tristan Jarry without a rebound.
13:13 of 2nd period - Evgeni Malkin wins face-off versus Derek Ryan in Ducks zone.
13:13 of 2nd period - Evgeni Malkin is hit by Blake Wheeler.
13:22 of 2nd period - Kirill Kaprizov is hit by Erik Gustafsson.
13:31 of 2nd period - Icing by Erik Gustafsson.
13:32 of 2nd period - Derek Ryan wins face-off versus Jean-Gabriel Pageau in Avalanches zone.
13:43 of 2nd period - Shot by Jean-Gabriel Pageau.
13:43 of 2nd period - Shot Misses the Net.
13:47 of 2nd period - Shot by Jean-Gabriel Pageau.
13:47 of 2nd period - Shot Blocked by Erik Gustafsson.
13:49 of 2nd period - Shot by Ondrej Palat.
13:49 of 2nd period - Stopped by Robin Lehner without a rebound.
13:50 of 2nd period - Joel Armia wins face-off versus Evgeni Malkin in Avalanches zone.
13:50 of 2nd period - Joel Armia is hit by Evgeni Malkin.
14:21 of 2nd period - Off-side.
14:22 of 2nd period - Derek Ryan wins face-off versus Jean-Gabriel Pageau in neutral zone.
14:29 of 2nd period - Shot by Blake Wheeler.
14:29 of 2nd period - Stopped by Tristan Jarry with a rebound.
14:45 of 2nd period - Shot by Jean-Gabriel Pageau.
14:45 of 2nd period - Shot Misses the Net.
14:47 of 2nd period - Shot by John Marino.
14:47 of 2nd period - Shot Misses the Net.
14:49 of 2nd period - Shot by Jean-Gabriel Pageau.
14:49 of 2nd period - Deflect By Ondrej Palat.
14:49 of 2nd period - Stopped by Robin Lehner with a rebound.
14:51 of 2nd period - Shot by Jean-Gabriel Pageau.
14:51 of 2nd period - Shot Blocked by T.J. Oshie.
14:53 of 2nd period - Shot by John Marino.
14:53 of 2nd period - Shot Blocked by Erik Gustafsson.
14:55 of 2nd period - Shot by Jean-Gabriel Pageau.
14:55 of 2nd period - Shot Misses the Net.
14:57 of 2nd period - Shot by Ondrej Palat.
14:57 of 2nd period - Shot Misses the Net.
14:59 of 2nd period - Shot by Jeremy Lauzon.
14:59 of 2nd period - Shot Misses the Net.
15:03 of 2nd period - Shot by Jean-Gabriel Pageau.
15:03 of 2nd period - Stopped by Robin Lehner with a rebound.
15:05 of 2nd period - Shot by Jeremy Lauzon.
15:05 of 2nd period - Shot Misses the Net.
15:12 of 2nd period - Icing by Derek Ryan.
15:13 of 2nd period - Evgeni Malkin wins face-off versus Derek Ryan in Avalanches zone.
15:14 of 2nd period - Shot by Roope Hintz.
15:14 of 2nd period - Shot Misses the Net.
15:19 of 2nd period - Icing by Brad Hunt.
15:20 of 2nd period - Evgeni Malkin wins face-off versus Derek Ryan in Avalanches zone.
16:53 of 2nd period - Joel Eriksson Ek is hit by Jeff Petry and loses puck.
16:54 of 2nd period - Minor Penalty to Jeff Petry for High sticking.
16:55 of 2nd period - Carl Soderberg wins face-off versus Jean-Gabriel Pageau in Avalanches zone.
17:05 of 2nd period - Icing by Ondrej Palat.
17:06 of 2nd period - Carl Soderberg wins face-off versus Jean-Gabriel Pageau in Ducks zone.
18:13 of 2nd period - Shot by Joel Eriksson Ek.
18:13 of 2nd period - Stopped by Robin Lehner without a rebound.
18:14 of 2nd period - Jean-Gabriel Pageau wins face-off versus Derek Ryan in Avalanches zone.
18:41 of 2nd period - Shot by Thomas Chabot.
18:41 of 2nd period - Shot Misses the Net.
18:46 of 2nd period - Off-side.
18:47 of 2nd period - Roope Hintz wins face-off versus Carl Soderberg in neutral zone.
18:56 of 2nd period - Icing by Joel Eriksson Ek.
18:57 of 2nd period - Derek Ryan wins face-off versus Sean Kuraly in Ducks zone.
19:06 of 2nd period - Shot by T.J. Oshie.
19:06 of 2nd period - Stopped by Tristan Jarry without a rebound.
19:07 of 2nd period - Jeff Carter wins face-off versus Erik Haula in Ducks zone.
19:09 of 2nd period - Minor Penalty to Jeremy Lauzon for Hooking.
19:10 of 2nd period - Derek Ryan wins face-off versus Lars Eller in Ducks zone.
19:18 of 2nd period - Icing by Alex Goligoski.
19:19 of 2nd period - Lars Eller wins face-off versus Blake Wheeler in Avalanches zone.
19:50 of 2nd period - Shot by Alex Goligoski.
19:50 of 2nd period - Shot Misses the Net.
19:52 of 2nd period - Shot by Derek Ryan.
19:52 of 2nd period - Stopped by Tristan Jarry without a rebound.
19:53 of 2nd period - Jean-Gabriel Pageau wins face-off versus Nick Foligno in Ducks zone.
Goals for this period are 2 for Avalanches vs 1 for Ducks.
Shots for this period are 13 for Avalanches vs 19 for Ducks.

3rd period


0:01 of 3rd period - Lars Eller wins face-off versus Derek Ryan in neutral zone.
0:04 of 3rd period - Shot by Mikhail Sergachev.
0:04 of 3rd period - Stopped by Robin Lehner without a rebound.
0:05 of 3rd period - Lars Eller wins face-off versus Derek Ryan in Avalanches zone.
0:11 of 3rd period - Joel Eriksson Ek is hit by Alex Goligoski and loses puck.
0:21 of 3rd period - Icing by Jeff Petry.
0:22 of 3rd period - Derek Ryan wins face-off versus Jean-Gabriel Pageau in Avalanches zone.
0:27 of 3rd period - Shot by Jeff Petry.
0:27 of 3rd period - Shot Misses the Net.
0:47 of 3rd period - Shot by T.J. Oshie.
0:47 of 3rd period - Stopped by Tristan Jarry without a rebound.
0:48 of 3rd period - Nick Foligno wins face-off versus Lars Eller in Ducks zone.
0:51 of 3rd period - Shot by Colin Wilson.
0:51 of 3rd period - Shot Blocked by Joel Eriksson Ek.
0:53 of 3rd period - Shot by Joel Armia.
0:53 of 3rd period - Stopped by Tristan Jarry without a rebound.
0:54 of 3rd period - Nick Foligno wins face-off versus Lars Eller in Ducks zone.
2:01 of 3rd period - John Marino is hit by Nick Foligno and loses puck.
2:10 of 3rd period - Shot by Joel Armia.
2:10 of 3rd period - Stopped by Tristan Jarry without a rebound.
2:11 of 3rd period - Jean-Gabriel Pageau wins face-off versus Derek Ryan in Ducks zone.
2:11 of 3rd period - Jean-Gabriel Pageau is hit by T.J. Oshie.
2:16 of 3rd period - Minor Penalty to Alex Goligoski for Holding.
2:17 of 3rd period - Derek Ryan wins face-off versus Joel Eriksson Ek in Avalanches zone.
2:34 of 3rd period - Shot by Roope Hintz.
2:34 of 3rd period - Stopped by Robin Lehner with a rebound.
2:36 of 3rd period - Shot by Joel Eriksson Ek.
2:36 of 3rd period - Deflect By Travis Konecny.
2:36 of 3rd period - Shot Blocked by Jeff Petry.
2:42 of 3rd period - Shot by Mikhail Sergachev.
2:42 of 3rd period - Stopped by Robin Lehner without a rebound.
2:43 of 3rd period - Jean-Gabriel Pageau wins face-off versus Carl Soderberg in Avalanches zone.
2:44 of 3rd period - Shot by Evgeni Malkin.
2:44 of 3rd period - Stopped by Robin Lehner with a rebound.
2:46 of 3rd period - Shot by Jean-Gabriel Pageau.
2:46 of 3rd period - Goal by Jean-Gabriel Pageau - Avalanches : 2 - Ducks : 2.
2:47 of 3rd period - Jeff Carter wins face-off versus Sean Kuraly in neutral zone.
2:47 of 3rd period - Mattias Janmark is hit by Sean Kuraly and loses puck.
2:59 of 3rd period - Ryan Donato is hit by Connor Murphy and loses puck.
3:31 of 3rd period - Icing by Connor Murphy.
3:32 of 3rd period - Derek Ryan wins face-off versus Sean Kuraly in Ducks zone.
3:40 of 3rd period - Off-side.
3:41 of 3rd period - Jean-Gabriel Pageau wins face-off versus Nick Foligno in neutral zone.
3:56 of 3rd period - Shot by Ondrej Palat.
3:56 of 3rd period - Shot Misses the Net.
3:58 of 3rd period - Shot by Jean-Gabriel Pageau.
3:58 of 3rd period - Shot Misses the Net.
4:00 of 3rd period - Shot by Jean-Gabriel Pageau.
4:00 of 3rd period - Shot Blocked by Alex Goligoski.
4:02 of 3rd period - Shot by Ondrej Palat.
4:02 of 3rd period - Shot Blocked by Alex Goligoski.
4:07 of 3rd period - Icing by Alex Goligoski.
4:08 of 3rd period - Evgeni Malkin wins face-off versus Nick Foligno in Avalanches zone.
4:11 of 3rd period - Shot by Kirill Kaprizov.
4:11 of 3rd period - Stopped by Robin Lehner without a rebound.
4:12 of 3rd period - Erik Haula wins face-off versus Derek Ryan in Avalanches zone.
4:36 of 3rd period - Shot by Lars Eller.
4:36 of 3rd period - Stopped by Robin Lehner without a rebound.
4:37 of 3rd period - Jean-Gabriel Pageau wins face-off versus Colin Wilson in Avalanches zone.
5:09 of 3rd period - Icing by Jeff Petry.
5:10 of 3rd period - Evgeni Malkin wins face-off versus Nick Foligno in Avalanches zone.
5:38 of 3rd period - Icing by Colin Wilson.
5:39 of 3rd period - Lars Eller wins face-off versus Nick Foligno in Avalanches zone.
5:40 of 3rd period - Shot by Joel Eriksson Ek.
5:40 of 3rd period - Shot Misses the Net.
6:17 of 3rd period - Shot by Derek Ryan.
6:17 of 3rd period - Shot Misses the Net.
6:34 of 3rd period - Derek Ryan is hit by Mikhail Sergachev and loses puck.
6:37 of 3rd period - Shot by Derek Ryan.
6:37 of 3rd period - Goal by Derek Ryan - Avalanches : 3 - Ducks : 2.
6:38 of 3rd period - Jean-Gabriel Pageau wins face-off versus Jeff Carter in neutral zone.
6:40 of 3rd period - Connor Murphy is hit by Jamie Oleksiak and loses puck.
6:47 of 3rd period - Shot by Jean-Gabriel Pageau.
6:47 of 3rd period - Shot Misses the Net.
6:55 of 3rd period - Shot by Travis Konecny.
6:55 of 3rd period - Shot Misses the Net.
6:57 of 3rd period - Shot by Connor Murphy.
6:57 of 3rd period - Stopped by Robin Lehner without a rebound.
6:58 of 3rd period - Evgeni Malkin wins face-off versus Carl Soderberg in Avalanches zone.
7:15 of 3rd period - Shot by Justin Williams.
7:15 of 3rd period - Goal by Justin Williams - Avalanches : 4 - Ducks : 2.
7:16 of 3rd period - Derek Ryan wins face-off versus Jean-Gabriel Pageau in neutral zone.
7:16 of 3rd period - T.J. Oshie is hit by Jean-Gabriel Pageau and loses puck.
7:53 of 3rd period - Shot by Jean-Gabriel Pageau.
7:53 of 3rd period - Shot Misses the Net.
7:55 of 3rd period - Shot by Ondrej Palat.
7:55 of 3rd period - Stopped by Robin Lehner without a rebound.
7:56 of 3rd period - Evgeni Malkin wins face-off versus Nick Foligno in Avalanches zone.
8:01 of 3rd period - Shot by Roope Hintz.
8:01 of 3rd period - Shot Misses the Net.
8:39 of 3rd period - Shot by Kirill Kaprizov.
8:39 of 3rd period - Stopped by Robin Lehner without a rebound.
8:40 of 3rd period - Lars Eller wins face-off versus Jeff Carter in Avalanches zone.
8:46 of 3rd period - Erik Haula is hit by Jeff Petry and loses puck.
9:58 of 3rd period - Shot by Ondrej Palat.
9:58 of 3rd period - Stopped by Robin Lehner with a rebound.
10:33 of 3rd period - Icing by John Moore.
10:34 of 3rd period - Sean Kuraly wins face-off versus Derek Ryan in Avalanches zone.
10:53 of 3rd period - Shot by Sean Kuraly.
10:53 of 3rd period - Stopped by Robin Lehner without a rebound.
10:54 of 3rd period - Nick Foligno wins face-off versus Evgeni Malkin in Avalanches zone.
10:54 of 3rd period - Nick Foligno is hit by Roope Hintz.
11:00 of 3rd period - Shot by Evgeni Malkin.
11:00 of 3rd period - Stopped by Robin Lehner without a rebound.
11:01 of 3rd period - Nick Foligno wins face-off versus Evgeni Malkin in Avalanches zone.
11:16 of 3rd period - Shot by Roope Hintz.
11:16 of 3rd period - Stopped by Robin Lehner without a rebound.
11:17 of 3rd period - Jean-Gabriel Pageau wins face-off versus Jeff Carter in Avalanches zone.
11:40 of 3rd period - Shot by Mattias Janmark.
11:40 of 3rd period - Stopped by Tristan Jarry without a rebound.
11:41 of 3rd period - Nick Foligno wins face-off versus Evgeni Malkin in Ducks zone.
11:56 of 3rd period - Shot by Evgeni Malkin.
11:56 of 3rd period - Deflect By Roope Hintz.
11:56 of 3rd period - Stopped by Robin Lehner without a rebound.
11:57 of 3rd period - Derek Ryan wins face-off versus Jean-Gabriel Pageau in Avalanches zone.
11:57 of 3rd period - Derek Ryan is hit by Ondrej Palat.
12:26 of 3rd period - Minor Penalty to Mikhail Sergachev for Holding.
12:27 of 3rd period - Joel Armia wins face-off versus Joel Eriksson Ek in Ducks zone.
12:46 of 3rd period - Shot by Nick Foligno.
12:46 of 3rd period - Shot Misses the Net.
12:58 of 3rd period - Icing by Brad Hunt.
12:59 of 3rd period - Nick Foligno wins face-off versus Jean-Gabriel Pageau in Avalanches zone.
13:12 of 3rd period - Icing by Nick Foligno.
13:13 of 3rd period - Nick Foligno wins face-off versus Jean-Gabriel Pageau in Avalanches zone.
13:22 of 3rd period - Shot by Colin Wilson.
13:22 of 3rd period - Shot Misses the Net.
13:32 of 3rd period - Shot by Damon Severson.
13:32 of 3rd period - Stopped by Robin Lehner with a rebound.
13:34 of 3rd period - Shot by Joel Eriksson Ek.
13:34 of 3rd period - Shot Misses the Net.
14:02 of 3rd period - Jeff Petry is hit by Jean-Gabriel Pageau and loses puck.
15:29 of 3rd period - Shot by Erik Haula.
15:29 of 3rd period - Shot Misses the Net.
16:47 of 3rd period - Travis Konecny is hit by Erik Gustafsson and loses puck.
17:47 of 3rd period - Off-side.
17:48 of 3rd period - Evgeni Malkin wins face-off versus Nick Foligno in neutral zone.
18:03 of 3rd period - Shot by Evgeni Malkin.
18:03 of 3rd period - Stopped by Robin Lehner with a rebound.
18:06 of 3rd period - Icing by Joel Armia.
18:07 of 3rd period - Nick Foligno wins face-off versus Joel Eriksson Ek in Avalanches zone.
19:10 of 3rd period - Shot by Ryan Donato.
19:10 of 3rd period - Shot Misses the Net.
19:12 of 3rd period - Shot by Jeff Carter.
19:12 of 3rd period - Shot Misses the Net.
19:19 of 3rd period - Icing by John Marino.
19:20 of 3rd period - Lars Eller wins face-off versus Derek Ryan in Ducks zone.
19:37 of 3rd period - Shot by Blake Wheeler.
19:37 of 3rd period - Shot Blocked by Damon Severson.
19:49 of 3rd period - Shot by T.J. Oshie.
19:49 of 3rd period - Stopped by Tristan Jarry with a rebound.
19:51 of 3rd period - Shot by Derek Ryan.
19:51 of 3rd period - Shot Misses the Net.
Goals for this period are 2 for Avalanches vs 1 for Ducks.
Shots for this period are 7 for Avalanches vs 17 for Ducks.